 Dungeon Crawl Stone Soup version 0.18.1-48-g4cf74bf (webtiles) character file.

82 Joat the Grave Robber (level 4, -2/30 HPs)
             Began as a Mummy Necromancer on July 30, 2016.
             Slain by Joat's ghost (5 damage)
             ... on level 3 of the Dungeon.
             The game lasted 00:14:39 (2585 turns).

Joat the Grave Robber (Mummy Necromancer)           Turns: 2585, Time: 00:14:39

Health: -2/30      AC:  3    Str: 11    XL:     4   Next: 21%
Magic:  6/7        EV: 12    Int: 15    God:
Gold:   84         SH:  0    Dex: 12    Spells: 2 memorised, 3 levels left

rFire  x . .     SeeInvis .     h - +0 mace (curse)
rCold  + . .     Gourm    .     a - +1 robe
rNeg   + + +     Faith    .     (no shield)
rPois  ∞         Spirit   .     (no helmet)
rElec  .         Dismiss  .     (no cloak)
rCorr  .         Reflect  .     (no gloves)
SustAt .         Harm     .     (no boots)
MR     .....                    (no amulet)
Stlth  ++........               (no ring)
                                (no ring)

@: not resistant to hostile enchantments, unstealthy
A: no food or potions, fire vulnerability, cold resistance 1, negative energy
resistance 3, torment resistance, unbreathing
a: no special abilities


You were on level 3 of the Dungeon.
You were not hungry.

You visited 1 branch of the dungeon, and saw 3 of its levels.

You collected 84 gold pieces.

Inventory:

Hand Weapons
 d - a +1 hunting sling
 e - a cursed -3 mace
 h - a cursed +0 mace (weapon)
 j - a +0 short sword
Missiles
 c - 41 stones (quivered)
 f - 37 bolts
 k - 31 sling bullets
 l - 7 curare-tipped needles
 n - 12 arrows
Armour
 a - a +1 robe (worn)
Scrolls
 g - a scroll of immolation
 i - a scroll of amnesia
 m - a scroll of identify
Books
 b - a book of Necromancy

   Spells                             Type                      Level
   a - Pain                           Necromancy                   1
   b - Animate Skeleton               Necromancy                   1
   c - Vampiric Draining              Necromancy                   3
   d - Regeneration                   Charms/Necromancy            3
   e - Animate Dead                   Necromancy                   4
   f - Control Undead                 Necromancy                   4


   Skills:
 - Level 1.5 Dodging
 - Level 1.5 Stealth
 + Level 2.1 Spellcasting
 - Level 5.6 Necromancy


You had 3 spell levels left.
You knew the following spells:

 Your Spells              Type           Power        Failure   Level  Hunger
a - Pain                  Necr           ###.         1%          1    N/A
b - Vampiric Draining     Necr           ###.......   10%         3    N/A

Dungeon Overview and Level Annotations

Branches:
Dungeon (3/15)

Altars:
Qazlal
The Shining One

Annotations:
D:3 Joat's ghost, amateur DsWn


Innate Abilities, Weirdness & Mutations

You do not eat or drink.
Your flesh is vulnerable to fire.
You are immune to poison.
Your flesh is cold resistant.
You are immune to negative energy.
You are immune to unholy pain and torment.
You can survive without breathing.


Message History

Joat's ghost hits you.
You closely miss Joat's ghost. Joat's ghost hits you.
You barely miss Joat's ghost. Joat's ghost closely misses you.
You closely miss Joat's ghost. Joat's ghost hits you!
Joat's ghost barely misses you.
Read which item? (? for menu, Esc to quit)
Okay, then.
Casting: Pain
Confirm with . or Enter, or press ? or * to list all spells.
Aiming: Vampiric Draining
Press: ? - help, Shift-Dir - straight line, f - Joat's ghost
Aim: Joat's ghost You can't drain life from that!
You hit Joat's ghost but do no damage. Joat's ghost hits you.
* * * LOW HITPOINT WARNING * * *
You hit Joat's ghost but do no damage. Joat's ghost closely misses you.
You hit Joat's ghost but do no damage. Joat's ghost hits you.
* * * LOW HITPOINT WARNING * * *
Joat's ghost hits you.
You die...

#......###)#.#####.(
# ##..#### #.#.#
.##.##..# #.#.#
........## #.#.#
.##.##...## #.#.#
.........####.#.#
......8#8......#.#
###.#.#$#.####W#.#
#.#.8#8.# #@#
#.#.....# #.#
#.###.### #.# # #.#
#.# #.# #####.###.#
#.# ..........# #.#
#########.# ### #.#
###


You could see Joat's ghost.

Vanquished Creatures
  Terence (D:2)
  2 adders (D:3)
  A worm (D:1)
  A giant gecko (D:1)
  9 bats
  5 goblins
  6 hobgoblins
  5 kobolds
  2 giant newts (D:2)
  4 rats
36 creatures vanquished.

Notes
Turn   | Place    | Note
--------------------------------------------------------------
     0 | D:1      | Joat the Mummy Necromancer began the quest for the Orb.
     0 | D:1      | Reached XP level 1. HP: 13/13 MP: 3/3
   366 | D:1      | Reached XP level 2. HP: 19/19 MP: 5/5
  1284 | D:2      | Found a stormy altar of Qazlal.
  1428 | D:2      | Reached skill level 5 in Necromancy
  1463 | D:2      | Reached XP level 3. HP: 24/24 MP: 4/6
  1468 | D:2      | Learned a level 3 spell: Vampiric Draining
  1484 | D:2      | Noticed Terence
  1495 | D:2      | Killed Terence
  1627 | D:2      | Found a glowing golden altar of the Shining One.
  2435 | D:3      | Reached XP level 4. HP: 26/30 MP: 0/7
  2563 | D:3      | Noticed Joat's ghost (amateur DsWn)
  2585 | D:3      | Slain by Joat's ghost

Skill      XL: |  1  2 |
---------------+-------+-----
Necromancy     | 5 |  5.6
Dodging        | |  1.5
Stealth        | |  1.5
Spellcasting   | |  2.1

Action                   |  1- 3 |  4- 6 || total
-------------------------+-------+-------++-------
Melee: Mace              |    27 |     9 ||    36
       Whip              |     3 |       ||     3
Throw: Stone             |    12 |     2 ||    14
 Cast: Pain              |    49 |     4 ||    53
       Vampiric Draining |     1 |       ||     1
  Use: Scroll            |     7 |       ||     7
Armor: Robe              |     9 |     3 ||    12
Dodge: Dodged            |    29 |     6 ||    35
